 Dungeon Crawl Stone Soup version 0.21-a0-215-g0631661 (webtiles) character file.

6452 namelastname112 the Summoner (level 10, -1/88 HPs)
             Began as a Pale Draconian Summoner on Aug 22, 2017.
             Was an Initiate of Ashenzari.
             Slain by a meliai
             ... wielding a +0 hand axe
              (5 damage)
             ... on level 10 of the Dungeon on Aug 23, 2017.
             The game lasted 00:13:55 (8766 turns).

namelastname112 the Summoner (DrSu)                 Turns: 8766, Time: 00:13:55

Health: -1/88      AC:  8    Str: 11    XL:     10   Next: 67%
Magic:  17/20      EV: 15    Int: 19    God:    Ashenzari [......]
Gold:   779        SH:  0    Dex: 11    Spells: 10/23 levels left

rFire    . . .     SeeInvis .   b - +3 dagger (venom)
rCold    . . .     Gourm    .   (no shield)
rNeg     . . .     Faith    .   (armour unavailable)
rPois    .         Spirit   .   (helmet restricted)
rElec    .         Reflect  .   v - +0 cloak
rCorr    .         Harm     .   (no gloves)
MR       .....                  (no boots)
Stlth    +.........             (no amulet)
HPRegen  0.24/turn              s - ring of loudness (curse)
MPRegen  0.17/turn              y - ring of wizardry

@: short of breath
A: breathe steam, unfitting armour, cold-blooded, AC +7
a: Breathe Steam, Curse Item, Renounce Religion


You were on level 10 of the Dungeon.
You worshipped Ashenzari.
Ashenzari was noncommittal.
You were not hungry.

You visited 2 branches of the dungeon, and saw 11 of its levels.

You collected 779 gold pieces.

Inventory:

Hand Weapons
 b - a +3 dagger of venom (weapon)
Armour
 c - a +0 buckler
 v - a +0 cloak (worn)
Magical Staves
 a - an uncursed staff of summoning
Jewellery
 n - a +2 ring of evasion
 s - a cursed ring of loudness (left hand)
 y - a ring of wizardry (right hand)
Wands
 o - a wand of iceblast (8/15)
 z - a wand of scattershot (4/9)
 D - a wand of disintegration (6/24)
Scrolls
 e - 6 scrolls of magic mapping
 h - 3 scrolls of teleportation
 k - a scroll of enchant weapon
 l - 4 scrolls of amnesia
 p - 5 scrolls of remove curse
Potions
 f - 3 potions of curing
 g - 2 potions of agility
 i - 4 potions of mutation
 q - 2 potions of resistance
 r - a potion of might {unknown}
 t - 3 potions of flight
 w - a potion of brilliance {unknown}
 x - 3 potions of heal wounds {unknown}
 C - a potion of haste {unknown}
 H - a potion of invisibility {unknown}
Books
 A - a book of Callings

   Spells                             Type                      Level
   a - Summon Small Mammal            Summoning                    1
   b - Call Imp                       Summoning                    2
   c - Call Canine Familiar           Summoning                    3
   d - Summon Guardian Golem          Hexes/Summoning              3
   e - Summon Lightning Spire         Summoning/Air                4
   f - Summon Ice Beast               Ice/Summoning                4
 E - the Papyrus of Enchantment
   (You found it on level 7 of the Dungeon)

   Spells                             Type                      Level
   a - Corona                         Hexes                        1
   b - Cause Fear                     Hexes                        4
   c - Invisibility                   Hexes                        6
   d - Discord                        Hexes                        8
Miscellaneous
 G - a phial of floods
Comestibles
 d - 8 meat rations
 j - 5 royal jellies
 m - 5 bread rations
 u - 19 fruits


   Skills:
 + Level 7.6 Fighting
 + Level 6.8 Dodging
 - Level 1.7 Stealth
 + Level 7.2 Spellcasting
 * Level 11.0 Summonings


You had 10 spell levels left.
You knew the following spells:

 Your Spells              Type           Power        Failure   Level  Hunger
a - Summon Ice Beast      Ice/Summ       ####....     4%          4    ###....
c - Summon Lightning Spi  Summ/Air       ####....     4%          4    ###....
x - Call Canine Familiar  Summ           #####...     1%          3    #......
z - Call Imp              Summ           #####...     1%          2    None


Dungeon Overview and Level Annotations

Branches:
Dungeon (10/15)            Temple (1/1) D:7            Lair (0/6) D:10
    Orc (0/2) D:9

Altars:
Ashenzari
Cheibriados
Dithmenos
Elyvilon
Fedhas
Gozag
Hepliaklqana
Kikubaaqudgha
Makhleb
Nemelex Xobeh
Okawaru
Qazlal
Ru
Sif Muna
Trog
Uskayaw
Vehumet
Wu Jian
Xom
Zin
The Shining One

Shops:
D:6 %   D:9 }


Innate Abilities, Weirdness & Mutations

You can breathe blasts of scalding, opaque steam.
Your pale cyan-grey scales are hard. (AC +7)
You cannot fit into any form of body armour.
You are cold-blooded and may be slowed by cold attacks.


Message History

The meliai is almost dead.
The meliai calls down the wrath of its god upon you.
Something smites you! The meliai barely misses you. The meliai stings you!
You take 18 damage, and have 42/88 hp.
MASSIVE DAMAGE!!
Casting: Summon Ice Beast
Confirm with . or Enter, or press ? or * to list all spells.
The meliai invokes the aid of its god against you.
Something smites you!
The meliai calls down the wrath of its god upon you.
Something smites you!
* * * LOW HITPOINT WARNING * * *
You take 24 damage, and have 18/88 hp.
MASSIVE DAMAGE!!
You now have 17/20 mp.
You feel better.
The meliai invokes the aid of its god against you.
Something smites you!
* * * LOW HITPOINT WARNING * * *
The meliai hits you with a hand axe!
* * * LOW HITPOINT WARNING * * *
The meliai closely misses your wolf. The meliai stings you.
You die...

###########
#.........#
+........|#
#.........#
#.h.......#
#@y.......#
###'####### #.
#§.# #.# ##y#
#<# #§### #.#
#.y.# #.#
######'#######
#.#
#..)....>.>..#
######.#######
#............#


You could see a meliai and a friendly wolf.

Vanquished Creatures
  Pikel (D:8)
  Grinder (D:5)
  A dream sheep (D:8)
  2 hippogriffs
  A wyvern (D:9)
  3 yaks
  An orc warrior (D:7)
  2 slaves (D:8)
  A sky beast (D:9)
  2 ice beasts
  An eye of draining (D:8)
  3 centaurs
  2 ogres (D:5)
  A crocodile (D:9)
  2 big kobolds
  A wyvern zombie (D:7)
  3 bullfrogs
  6 scorpions
  3 crimson imps
  A centaur zombie (D:8)
  4 hounds
  A jelly (D:8)
  A bullfrog skeleton (D:7)
  2 orc wizards
  A gnoll shaman (D:8)
  3 iguanas
  Ijyb (D:5)
  9 worker ants
  A hound zombie (D:7)
  A worker ant zombie (D:8)
  A howler monkey zombie (D:5)
  8 gnolls
  6 adders
  A shadow imp (D:9)
  2 oozes
  2 worms
  2 dart slugs
  6 leopard geckos
  14 orcs
  4 ball pythons
  4 giant cockroaches
  9 goblins
  3 hobgoblins
  14 jackals
  A quokka (D:3)
  6 bats
  5 frilled lizards
  11 kobolds
  A leopard gecko skeleton (D:4)
  A quokka skeleton (D:5)
  2 quokka zombies
  5 rats
170 creatures vanquished.

Vanquished Creatures (collateral kills)
  A hydra (D:8)
  The ghost of Leszczynek the Ruffian, an amateur TrSk (D:5)
  Prince Ribbit (D:5)
  A dream sheep (D:8)
  A hippogriff (D:8)
  4 yaks
  A wyvern (D:8)
  A hungry ghost (D:9)
  A soldier ant (D:9)
  A porcupine (D:10)
  A black bear (D:8)
  A slave (D:8)
  An ice beast (D:9)
  An ogre (D:9)
  2 centaurs
  4 crocodiles (D:10)
  4 big kobolds
  A bullfrog (D:8)
  A scorpion (D:10)
  A killer bee (D:8)
  2 howler monkeys (D:9)
  A wight (D:8)
  A crimson imp (D:8)
  2 hounds (D:8)
  An orc priest (D:4)
  An iguana (D:10)
  An orc wizard (D:4)
  A worker ant (D:8)
  2 killer bee zombies
  4 gnolls
  A leopard gecko (D:8)
  An orc (D:4)
  A quokka (D:8)
  6 kobolds
  A plant (D:10)
56 creatures vanquished.

Vanquished Creatures (others)
  A big kobold (D:8)
  2 plants (D:10)
3 creatures vanquished.

Grand Total: 229 creatures vanquished

Notes
Turn   | Place    | Note
-------+----------+-------------------------------------------
     0 | D:1      | namelastname112 the Draconian Summoner began the quest for the Orb.
     0 | D:1      | Reached XP level 1. HP: 14/14 MP: 3/3
   770 | D:1      | Reached XP level 2. HP: 22/22 MP: 5/5
   777 | D:1      | Learned a level 2 spell: Call Imp
  1328 | D:1      | Reached XP level 3. HP: 27/27 MP: 6/6
  1440 | D:1      | Reached skill level 1 in Fighting
  1535 | D:2      | Learned a level 3 spell: Call Canine Familiar
  1811 | D:2      | epen: сука
  1926 | D:2      | epen: вот я блять уверен
  2020 | D:2      | epen: что ты нахуй специально взял посох хаоса
  2020 | D:2      | epen: перед смертью
  2020 | D:2      | namelastname112: лол
  2020 | D:2      | namelastname112: где?
  2021 | D:2      | epen: в игре
  2140 | D:2      | namelastname112: этаж
  2207 | D:3      | Found a shadowy altar of Dithmenos.
  2215 | D:3      | Reached XP level 4. HP: 35/35 MP: 7/7
  2524 | D:3      | Found a faded altar of an unknown god.
  2591 | D:3      | epen: Я не видел тебя
  2725 | D:4      | epen: я хуйню глянул
  2733 | D:4      | Reached skill level 5 in Summonings
  2753 | D:4      | epen: когда ты умираешь
  2762 | D:4      | epen: рамочку типа
  3051 | D:4      | Found a hazy altar of Hepliaklqana.
  3058 | D:4      | Reached XP level 5. HP: 41/41 MP: 9/9
  3131 | D:4      | epen: сука
  3136 | D:4      | Learned a level 4 spell: Summon Lightning Spire
  3136 | D:4      | epen: ебаный вех
  3347 | D:4      | Reached XP level 6. HP: 50/50 MP: 10/10
  3597 | D:4      | Found an ornate altar of the Wu Jian Council.
  3664 | D:4      | epen: https://www.youtube.com/watch?v=GUwLdcM6FkI
  3672 | D:5      | Entered Level 5 of the Dungeon
  3674 | D:5      | namelastname112: несет рак в массы
  3760 | D:5      | Noticed Leszczynek's ghost (amateur TrSk)
  3773 | D:5      | Killed Leszczynek's ghost
  3773 | D:5      | Reached skill level 6 in Summonings
  3773 | D:5      | Your scales start taking on a pale cyan-grey colour.
  3773 | D:5      | Reached XP level 7. HP: 39/57 MP: 1/12
  3780 | D:5      | Noticed Ijyb
  3788 | D:5      | Killed Ijyb
  4005 | D:5      | Found a glowing golden altar of the Shining One.
  4196 | D:5      | Noticed Grinder
  4208 | D:5      | Killed Grinder
  4321 | D:5      | Reached skill level 7 in Summonings
  4342 | D:5      | Noticed Prince Ribbit
  4348 | D:5      | Reached XP level 8. HP: 35/66 MP: 9/14
  4348 | D:5      | Killed Prince Ribbit
  4916 | D:6      | Learned a level 4 spell: Summon Ice Beast
  5033 | D:6      | Found Tuzal's Food Shop.
  5386 | D:7      | Found a radiant altar of Vehumet.
  5386 | D:7      | Noticed a hippogriff
  5396 | D:7      | Killed a hippogriff
  5396 | D:7      | Reached skill level 5 in Fighting
  5396 | D:7      | Reached skill level 8 in Summonings
  5449 | D:7      | Reached skill level 5 in Dodging
  5894 | D:7      | Reached skill level 5 in Spellcasting
  5897 | D:7      | Reached XP level 9. HP: 47/75 MP: 11/16
  5934 | D:7      | Found a staircase to the Ecumenical Temple.
  5962 | Temple   | Entered the Ecumenical Temple
  5967 | Temple   | Became a worshipper of Ashenzari the Shackled
  5987 | D:7      | Identified the Papyrus of Enchantment
  6219 | D:8      | Found a hide-covered altar of Uskayaw.
  6250 | D:8      | epen: ебать перчатку нашёл на д5
  6252 | D:8      | epen: https://www.youtube.com/watch?v=GUwLdcM6FkI
  6255 | D:8      | epen: сука
  6265 | D:8      | epen: +2 pair of gloves of Kecocib {rF++ rC+}.
  6265 | D:8      | Reached skill level 9 in Summonings
  6271 | D:8      | namelastname112: охуел?
  6610 | D:8      | Noticed Pikel
  6627 | D:8      | Killed Pikel
  7009 | D:8      | Reached skill level 10 in Summonings
  7012 | D:8      | Reached XP level 10. HP: 69/84 MP: 15/19
  7092 | D:8      | Noticed a three-headed hydra
  7103 | D:8      | Killed a three-headed hydra
  7363 | D:9      | Found a staircase to the Orcish Mines.
  7427 | D:9      | Found Funainn's Gadget Emporium.
  8230 | D:10     | Entered Level 10 of the Dungeon
  8444 | D:10     | Reached skill level 11 in Summonings
  8484 | D:10     | Found a staircase to the Lair.
  8766 | D:10     | HP: 4/88 [meliai/hand axe (11)]
  8766 | D:10     | Slain by a meliai

Vault maps used:
D:1:      minmay_arrival_four_loops
D:2:      nicolae_overflow_hidden_temple, first_bread, minmay_misc_feat_roman
D:3:      chequers_ecumenical_altar_island, nicolae_dithmenos_shadow_blocks
D:4:      marbit_many_paths, lemuel_doored_altar
D:5:      lemuel_coloured_pillars_altar, uniq_prince_ribbit1, uniq_grinder,
          uniq_ijyb
D:6:      serial_shops, shop
D:7:      overflow_temple_1_default, minmay_temple_entry_overgrown
D:8:      minmay_the_grid_octo_tiled_squarecenter, overflow_temple_1_default,
          hangedman_ranch, st_stairs_14, uniq_pikel
D:9:      orc_0_dummy, serial_shops, kennysheep_little_box
D:10:     minmay_lair_entry_grove, basic_altar, xom_redecorated, uniq_joseph
Temple:   minmay_freezing_vapour_temple

Skill      XL: |  1  2  3  4  5  6  7  8  9 10 |
---------------+-------------------------------+-----
Dodging        | 2 3 4 5 6 |  6.8
Fighting       | 1 2 3 4 5 6 7 |  7.6
Summonings     | 5 6 7 8 10 11 | 11.0
Spellcasting   | 3 4 5 6 7 |  7.2
Stealth        | |  1.7

Action                   |  1- 3 |  4- 6 |  7- 9 | 10-12 || total
-------------------------+-------+-------+-------+-------++-------
Melee: Dagger            |    47 |   115 |   282 |   158 ||   602
       Spear             |    98 |       |       |       ||    98
       Unarmed           |     3 |       |       |       ||     3
       Tailslap          |    11 |    10 |    34 |    23 ||    78
       Staff             |       |       |     1 |       ||     1
 Cast: Summon Small Mamm |     4 |       |       |       ||     4
       Summon Lightning  |       |     2 |     9 |     5 ||    16
       Call Canine Famil |       |     2 |     5 |     7 ||    14
       Summon Ice Beast  |       |       |     5 |     6 ||    11
 Abil: Breathe Steam     |       |       |    20 |     2 ||    22
  Use: Scroll            |       |    10 |     2 |     2 ||    14
       Potion            |       |       |       |     1 ||     1
 Stab: Sleeping          |     5 |     3 |       |       ||     8
       Distracted        |       |       |     3 |     2 ||     5
  Eat: Chunk             |     3 |     6 |    16 |     7 ||    32
       Royal jelly       |       |       |       |     1 ||     1
Armor: Skin              |    46 |    24 |    89 |    33 ||   192
Dodge: Dodged            |    99 |    65 |   267 |   103 ||   534

Table legend:
 A = Spawn XP
 B = Non-spawn XP
 C = Spawn XP percentage of total XP
 D = Spawn monster count
 E = Non-spawn monster count
 F = Spawn count percentage of total count
 G = Total turns spent on level
                    A         B        C        D         E        F      G
               +---------+---------+-------+---------+---------+-------+---------
         Total |     499 |    8719 |   5.4 |      20 |     202 |   9.0 |  8766
               +---------+---------+-------+---------+---------+-------+---------
           D:1 |       9 |      40 |  18.4 |       5 |      24 |  17.2 |  1513
           D:2 |       0 |      37 |   0.0 |       0 |      12 |   0.0 |   654
           D:3 |       0 |      42 |   0.0 |       0 |      14 |   0.0 |   518
           D:4 |       3 |     424 |   0.7 |       2 |      17 |  10.5 |   987
           D:5 |       3 |    1228 |   0.2 |       1 |      20 |   4.8 |  1238
           D:6 |       3 |     203 |   1.5 |       1 |       4 |  20.0 |   476
           D:7 |     167 |     902 |  15.6 |       5 |      25 |  16.7 |   784
           D:8 |     182 |    3617 |   4.8 |       3 |      58 |   4.9 |  1176
           D:9 |       3 |    1104 |   0.3 |       1 |      14 |   6.7 |   871
          D:10 |     129 |    1122 |  10.3 |       2 |      14 |  12.5 |   536
               +---------+---------+-------+---------+---------+-------+---------
